 Dungeon Crawl Stone Soup version 0.26.1-11-gd32895ea62 (webtiles) character file.

Game seed: 7558526790730140049

80 ubername the Magician (level 4, -4/24 HPs)
             Began as a Deep Elf Air Elementalist on June 19, 2021.
             Slain by Grinder (5 damage)
             ... on level 3 of the Dungeon.
             The game lasted 00:09:06 (3405 turns).

ubername the Magician (Deep Elf Air Elementalist)   Turns: 3405, Time: 00:09:07

Health: -4/24      AC:  4    Str:  5    XL:     4   Next: 18%
Magic:  3/12       EV: 13    Int: 21    God:
Gold:   145        SH:  0    Dex: 15    Spells: 5/11 levels left

rFire    . . .     SeeInvis .   c - +0 short sword
rCold    . . .     Faith    .   (no shield)
rNeg     . . .     Spirit   .   a - +1 robe
rPois    .         Reflect  .   e - +0 helmet
rElec    .         Harm     .   (no cloak)
rCorr    .         Rampage  .   (no gloves)
Will     .....                  (no boots)
Stlth    ++........             (no amulet)
HPRegen  0.08/turn              (no ring)
MPRegen  0.13/turn              (no ring)

@: sluggish, very slow
A: no striking features
a: no special abilities


You were on level 3 of the Dungeon.
You visited 1 branch of the dungeon, and saw 3 of its levels.

You collected 145 gold pieces.

Inventory:

Hand Weapons
 b - a +0 club
 c - a +0 short sword (weapon)
 d - a +0 hunting sling
Missiles
 i - 68 stones
 k - 22 sling bullets
Armour
 a - a +1 robe (worn)
 e - a +0 helmet (worn)
Scrolls
 h - a scroll of teleportation
 j - a scroll of noise {unknown}
 n - a scroll of identify
 o - a scroll of amnesia
 q - a scroll of enchant weapon {unknown}
Potions
 f - a potion of flight
 g - a potion of might {unknown}
 l - a potion of curing
 m - a potion of haste
 p - a potion of heal wounds {unknown}


   Skills:
 + Level 2.6 Dodging
 + Level 2.6 Stealth
 + Level 4.0 Spellcasting
 + Level 2.2 Conjurations
 + Level 4.0 Air Magic


You had 5 spell levels left.
You knew the following spells:

 Your Spells              Type           Power        Failure   Level
a - Shock                 Conj/Air       68%          3%          1
b - Static Discharge      Conj/Air       17%          10%         3
c - Swiftness             Air            21%          3%          2

Your spell library contained the following spells:

 Spells                   Type           Power        Failure   Level
 Airstrike                Air            10%          22%         4
 Lightning Bolt           Conj/Air       8%           67%         5


Dungeon Overview and Level Annotations

Branches:
Dungeon (3/15)

Altars:
Elyvilon
Trog
Zin
The Shining One

Annotations:
D:2 1 runed translucent door, Crazy Yiuf
D:3 Grinder


Message History

Grinder is moderately wounded.
Grinder hits you but does no damage. Grinder hits you.
You writhe in agony.
A bat comes into view.
Grinder blinks!
Grinder opens the gate.
You feel sluggish.
Grinder blinks!
Grinder blinks!
Grinder says, "DUCK!"
Grinder gestures at you. Pain shoots through your body!
Aiming: Shock (safe; 3% risk of failure)
Press: ? - help, Q - select action, (/) - cycle Shift-Dir - straight line, f/p - Grinder
Aim: Grinder (moderately wounded, fast, 32% to evade)
The zap hits Grinder.
Grinder is moderately wounded.
Grinder closely misses you. Grinder hits you!
* * * LOW HITPOINT WARNING * * *
You writhe in agony.
You die...

###.......# #### #...#######
##≈≈≈## #. ...###.###
#≈≈_≈⌠###.. ##..##.#
#≈≈.'⌠#..b ##....# #≈8_'...#
##...########### #≈≈.'⌠.#
...#...5.......# #≈≈_≈⌠.###
##############.######≈≈≈....#
#..@5..........#
########...^..># #.....§.#
#.......# #.......# #########
######### #...<...# #.......#
####.......#


You could see Grinder (fast).

Vanquished Creatures
  A gnoll (D:1)
  An ooze (D:2)
  3 worms
  A dart slug (D:1)
  2 leopard geckos
  2 ball pythons (D:2)
  A giant cockroach (D:2)
  2 goblins (D:1)
  10 hobgoblins
  3 jackals (D:2)
  5 kobolds
  A quokka (D:3)
  5 bats
  8 frilled lizards
  8 rats
53 creatures vanquished.

Notes
Turn   | Place    | Note
-------+----------+-------------------------------------------
     0 | D:1      | ubername the Deep Elf Air Elementalist began the quest for
                  | the Orb.
     0 | D:1      | Reached XP level 1. HP: 10/10 MP: 6/6
   427 | D:1      | Reached XP level 2. HP: 15/15 MP: 1/8
  1009 | D:1      | Reached XP level 3. HP: 19/19 MP: 7/9
  1497 | D:1      | Learned a level 3 spell: Static Discharge
  1500 | D:1      | Learned a level 2 spell: Swiftness
  2264 | D:2      | Found a bloodstained altar of Trog.
  2620 | D:2      | Found a runed translucent door.
  2623 | D:2      | Noticed Crazy Yiuf
  2765 | D:2      | Reached XP level 4. HP: 24/24 MP: 4/12
  3378 | D:3      | Noticed Grinder
  3388 | D:3      | Found a white marble altar of Elyvilon.
  3389 | D:3      | Found a glowing golden altar of the Shining One.
  3389 | D:3      | Found a glowing silver altar of Zin.
  3405 | D:3      | HP: 1/24 [Grinder (7)]
  3405 | D:3      | Slain by Grinder

Illustrated notes

Levels and vault maps discovered:
D:1:      erik_arrival_cave_to_civilisation [erik_arrival_cave_to_temple],
          layout_loops_ring
D:2:      layout_basic, bloody_trog, uniq_crazy_yiuf_cottage
D:3:      layout_rooms, good_gods_mini_temple, uniq_grinder

Skill      XL: |  1  2  3  4 |
---------------+-------------+-----
Conjurations   | 2 |  2.2
Spellcasting   | 4 |  4.0
Air Magic      | 4 |  4.0
Dodging        | |  2.6
Stealth        | |  2.6

Action                   |  1- 3 |  4- 6 || total
-------------------------+-------+-------++-------
Melee: Unarmed           |     6 |       ||     6
       Short sword       |     2 |       ||     2
 Cast: Shock             |    90 |    23 ||   113
       Static Discharge  |     5 |     2 ||     7
       Swiftness         |     2 |     1 ||     3
  Use: Scroll            |     6 |       ||     6
       Potion            |     2 |       ||     2
Armor: Robe              |     6 |     3 ||     9
Dodge: Dodged            |    14 |     6 ||    20
